 Dungeon Crawl Stone Soup version 0.20-a0-210-gd6c29eb (webtiles) character file.

1 deepsabbath the Firebug (level 1, 0/10 HPs)
             Began as a Deep Elf Fire Elementalist on Nov 26, 2016.
             Slain by a hobgoblin (2 damage)
             ... on level 1 of the Dungeon.
             The game lasted 00:01:17 (358 turns).

deepsabbath the Firebug (Deep Elf Fire Elementalist) Turns: 358, Time: 00:01:18

Health: 0/10       AC:  2    Str:  5    XL:     1   Next: 16%
Magic:  6/6        EV: 13    Int: 19    God:
Gold:   7          SH:  0    Dex: 15    Spells: 5/6 levels left

rFire  . . .     SeeInvis .     e - +0 hand axe
rCold  . . .     Gourm    .     a - +0 robe
rNeg   . . .     Faith    .     (no shield)
rPois  .         Spirit   .     (no helmet)
rElec  .         Reflect  .     (no cloak)
rCorr  .         Harm     .     (no gloves)
MR     .....                    (no boots)
Stlth  ++........               (no amulet)
                                (no ring)
                                (no ring)

@: no status effects
A: no striking features
a: no special abilities


You were on level 1 of the Dungeon.
You were not hungry.

You visited 1 branch of the dungeon, and saw 2 of its levels.

You collected 7 gold pieces.

Inventory:

Hand Weapons
 e - a +0 hand axe (weapon)
   (You found it on level 1 of the Dungeon)
 h - a +0 spear
   (You found it on level 1 of the Dungeon)
Armour
 a - a +0 robe (worn)
Scrolls
 d - a scroll of enchant weapon {unknown}
 f - a scroll of identify {unknown}
 j - a scroll of teleportation {unknown}
 k - a scroll of fear {unknown}
Potions
 g - 2 potions of agility {unknown}
Books
 b - a book of Flames
Comestibles
 c - a bread ration {@e1}
 i - a slice of pizza


   Skills:
 * Level 0.2 Axes
 - Level 2.4 Dodging
 - Level 2.4 Stealth
 - Level 3.0 Spellcasting
 - Level 1.1 Conjurations
 - Level 3.2 Fire Magic


You had 5 spell levels left.
You knew the following spells:

 Your Spells              Type           Power        Failure   Level  Hunger
a - Flame Tongue          Conj/Fire      ##...        10%         1    None


Dungeon Overview and Level Annotations

Branches:
Dungeon (2/15)

Altars:


Message History

Welcome, deepsabbath the Deep Elf Fire Elementalist.
It is said that the Orb of Zot exists deep within this dungeon.
Found a scroll labeled WUOG CAYNUCH and 7 gold pieces.
Found a staircase leading out of the dungeon.
Unknown command.
You enter the shallow water.
Moving in this stuff is going to be slow.
You enter the shallow water.
Moving in this stuff is going to be slow.
d - a scroll labeled WUOG CAYNUCH You now have 7 gold pieces.
e - a hand axe
f - a scroll labeled VYD XEAWKYFU No target in view!
g - 2 red potions
h - a spear Wield which item (- for none, * to show all)? (? for menu, Esc to quit)
e - a +0 hand axe (weapon)
i - a slice of pizza
Found a stone staircase leading down.
A hobgoblin comes into view. It is wielding a club.
The hobgoblin shouts!
The hobgoblin hits you with a club.
You take 2 damage, and have 8/10 hp.
You hit the hobgoblin but do no damage. The hobgoblin hits you with a club.
Ouch! That really hurt!
* * * LOW HITPOINT WARNING * * *
You take 6 damage, and have 2/10 hp.
MASSIVE DAMAGE!!
There is a stone staircase leading down here.
You climb downwards.
A bat and a worm come into view.
There is a stone staircase leading up here.
Found a dagger.
Found an escape hatch in the floor.
The bat barely misses you.
You miss the bat. The bat hits you.
You take 1 damage, and have 5/10 hp.
You hit the bat. The bat closely misses you. The bat misses you.
The bat hits you but does no damage.
You see here a scroll labeled UXUVUA GAACAL.
j - a scroll labeled UXUVUA GAACAL The bat hits you but does no damage.
You hit the bat.
You kill the bat!
Found a scroll labeled TUOMNEPHEE and 4 fruits.
Found a stone staircase leading up.
k - a scroll labeled TUOMNEPHEE A hobgoblin comes into view.
You see here 4 fruits.
There is a stone staircase leading up here.
You start resting.
You climb upwards.
A rat comes into view.
There is a stone staircase leading down here.
Unknown command.
A rat is nearby!
A rat is nearby!
You are too injured to fight recklessly!
You are too injured to fight recklessly!
You are too injured to fight recklessly!
Unknown command.
Unknown command.
You hit the rat but do no damage. The rat bites you.
* * * LOW HITPOINT WARNING * * *
You take 2 damage, and have 3/10 hp.
You hit the rat.
You kill the rat!
You see here a rat corpse.
You start resting.
A hobgoblin comes into view.
You regained 2 hp, and now have 6/10 hp.
The hobgoblin shouts!
You hit the hobgoblin.
You hear a bark!
The hobgoblin hits you.
* * * LOW HITPOINT WARNING * * *
You take 3 damage, and have 3/10 hp.
MASSIVE DAMAGE!!
You closely miss the hobgoblin. The hobgoblin hits you.
* * * LOW HITPOINT WARNING * * *
You take 1 damage, and have 2/10 hp.
You closely miss the hobgoblin. The hobgoblin misses you.
You barely miss the hobgoblin. The hobgoblin closely misses you.
The hobgoblin misses you.
You closely miss the hobgoblin. The hobgoblin hits you.
You die...

#.........#..#
..#.........#..#
..#............#
#.#......##....# #
#.#..##........# #.
#.#...#........## #.#
#.#........##...#
##..###.#.............#
#...†g@>#...≈......g...
#....#..##.#....≈.≈≈...#..
#.# ##.##.#..≈≈.≈.≈≈..#.#
..##.#..≈≈.≈..≈≈.#.#
##.##.#.≈≈.≈≈≈.≈≈.#.#
.....#..≈≈≈≈≈≈≈..#.#
.....#....≈≈≈≈≈..#.#
.....#..≈≈<≈≈≈...#.#
#≈..≈≈≈.≈...#.#


You could see a hobgoblin.

Vanquished Creatures
  A bat (D:2)
  A rat (D:1)
2 creatures vanquished.

Notes
Turn   | Place    | Note
-------+----------+-------------------------------------------
     0 | D:1      | deepsabbath the Deep Elf Fire Elementalist began the quest for the Orb.
     0 | D:1      | Reached XP level 1. HP: 10/10 MP: 6/6
   112 | D:1      | HP: 2/10 [hobgoblin/club (6)]
   355 | D:1      | HP: 2/10 [hobgoblin (1)]
   358 | D:1      | Slain by a hobgoblin

Vault maps used:
D:1:      dpeg_arrival_more_subterranean_lakeside_camping,
          minmay_misc_feat_diagonals, minmay_misc_feat_pillars

Action                   || total
-------------------------++-------
Melee: Hand axe          ||    11
Armor: Robe              ||     2
Dodge: Dodged            ||     6

Vault maps used:
D:1:      dpeg_arrival_more_subterranean_lakeside_camping,
          minmay_misc_feat_diagonals, minmay_misc_feat_pillars

Table legend:
 A = Turns spent in this place as a percentage of turns spent in the entire game.
 B = Non-inter-level travel turns spent in this place as a percentage of non-inter-level travel turns spent in the entire game.
 C = Inter-level travel turns spent in this place as a percentage of turns spent in this place.
 D = Turns resting spent in this place as a percentage of non-inter-level travel turns spent in this place.
 E = Turns spent auto-exploring this place as a percentage of non-inter-level travel turns spent in this place.
 F = Non-inter-level travel turns spent in this place divided by the number of levels of this place that you've seen.
                   A       B       C       D       E      F
               +-------+-------+-------+-------+-------+----------------------
         Total | 100.0 | 100.0 |   0.0 |   2.2 |   3.8 |  91.5
       Dungeon | 100.0 | 100.0 |   0.0 |   2.2 |   3.8 |  91.5
               +-------+-------+-------+-------+-------+----------------------

Table legend:
 A = Kills in this place as a percentage of kills in entire the game.
 B = Kills by you in this place as a percentage of kills by you in the entire game.
 C = Kills by friends in this place as a percentage of kills by friends in the entire game.
 D = Other kills in this place as a percentage of other kills in the entire game.
 E = Experience gained in this place as a percentage of experience gained in the entire game.
 F = Experience gained in this place divided by the number of levels of this place that you have seen.
                   A       B       C       D       E      F
               +-------+-------+-------+-------+-------+----------------------
         Total | 100.0 | 100.0 |  -nan |  -nan | 100.0 |   1.0
       Dungeon | 100.0 | 100.0 |  -nan |  -nan | 100.0 |   1.0
               +-------+-------+-------+-------+-------+----------------------
